 Dungeon Crawl Stone Soup version 0.29.1-2-gbd0b4ee654 (webtiles) character file.

Game seed: 15255169137227390647

11459 boopmooplesden the Tortoise (level 11, -1/91 (97) HPs)
             Began as a Minotaur Berserker on Nov 30, 2022.
             Was an Elder of Trog.
             Slain by a seven-headed hydra (13 damage)
             ... on level 10 of the Dungeon.
             The game lasted 00:15:42 (13613 turns).

boopmooplesden the Tortoise (Minotaur Berserker)   Turns: 13613, Time: 00:15:43

HP:   -1/91 (97)    AC: 17    Str: 23    XL:     11   Next: 49%
MP:   20/20         EV: 14    Int:  9    God:    Trog [****..]
Gold: 565           SH:  0    Dex: 16    Spells: 10/10 levels left

rFire   + . .      SeeInvis .   B - +1 demon whip (venom)
rCold   . . .      Faith    .   (no shield)
rNeg    . . .      Spirit   .   t - +1 scale mail {rF+}
rPois   .          Reflect  .   A - +3 hat of Pondering {ponderous, Will+ MP+10 Int+5}
rElec   .          Harm     .   (no cloak)
rCorr   .          Rampage  .   o - +2 pair of gloves {Dex+3}
Will    +....                   (no boots)
Stlth   +.........              (no amulet)
HPRegen 0.25/turn               (no ring)
MPRegen 0.17/turn               (no ring)

@: about to teleport, on berserk cooldown, slowed, drained, very slow
A: horns 2, retaliatory headbutt
a: Renounce Religion, Berserk, Trog's Hand, Brothers in Arms


You were on level 10 of the Dungeon.
You worshipped Trog.
Trog was greatly pleased with you.
You visited 1 branch of the dungeon, and saw 10 of its levels.

You collected 565 gold pieces.

Inventory:

Hand Weapons
 a - a +3 falchion
 f - a +3 long sword of venom
 v - the +2 war axe "Death Rattle" {holy, Str-3 Dex+6}
   (You found it on level 7 of the Dungeon)

   It has been blessed by the Shining One to cause great damage to the undead
   and demons.
   Str:       It affects your strength (-3).
   Dex:       It affects your dexterity (+6).
 B - a +1 demon whip of venom (weapon)
Missiles
 b - 2 throwing nets
 s - 10 javelins (quivered)
Armour
 g - a +0 chain mail
 o - a +2 pair of gloves of dexterity (worn)
 t - a +1 scale mail of fire resistance (worn)
 A - the +3 hat of Pondering (worn) {ponderous, Will+ MP+10 Int+5}
   (You took it off Gastronok on level 9 of the Dungeon)

   Int:       It affects your intelligence (+5).
   MP:        It affects your magic capacity (+10).
   Will:      It increases your willpower.
Jewellery
 c - a ring of willpower
 d - a ring of magical power
 u - a ring of see invisible
Wands
 r - a wand of charming (8)
Scrolls
 i - 7 scrolls of identify
 z - a scroll of silence
Potions
 e - 3 potions of lignification
 h - a potion of berserk rage
 j - a potion of resistance
 l - a potion of ambrosia
 m - 4 potions of curing
 p - a potion of mutation
 q - a potion of might
 w - a potion of heal wounds
 x - a potion of magic


   Skills:
 + Level 9.6 Fighting
 + Level 14.0 Long Blades
 + Level 5.3 Axes
 + Level 15.2 Armour
 + Level 6.8 Dodging
 + Level 2.1 Stealth
 + Level 0.1 Evocations


You had 10 spell levels left.
You didn't know any spells.
Your spell library was empty.

Dungeon Overview and Level Annotations

Branches:
Dungeon (10/15)            Temple (0/1) D:6            Lair (0/5) D:8
    Orc: D:9-12

Altars:
Cheibriados
Hepliaklqana
Kikubaaqudgha
Qazlal
Ru
Sif Muna
Trog
Uskayaw
Wu Jian
Xom
Yredelemnul
Zin
The Shining One

Shops:
D:2 :   D:5 :   D:6 :   D:7 *


Innate Abilities, Weirdness & Mutations

You have a pair of horns on your head.
You reflexively headbutt those who attack you in melee.


Message History

B - a +1 demon whip of venom (weapon)
The seven-headed hydra roars!
You hear a shout!
Unknown command.
A tengu warrior comes into view.
It is wielding a +1 dire flail of draining.
The tengu warrior shouts!
You hear a shout!
A tengu warrior comes into view.
It is wielding a +2 great sword of electrocution and wearing a +1 leather armour of fire resistance.
The tengu warrior misses you.
The tengu warrior pecks you but does no damage.
The tengu warrior claws you but does no damage.
You barely miss the tengu warrior. You headbutt the tengu warrior.
The tengu warrior is lightly wounded.
The tengu warrior hits you with a +1 dire flail of draining!
You feel drained.
The tengu warrior pecks you but does no damage.
The tengu warrior claws you but does no damage.
The tengu warrior attacks as you move away!
The tengu warrior hits you but does no damage.
You feel drained. The tengu warrior pecks you.
The tengu warrior claws you but does no damage.
The tengu warrior hits you but does no damage.
You feel drained.
The tengu warrior pecks you but does no damage.
The tengu warrior claws you but does no damage.
An ogre mage comes into view. It is wielding a +0 club.
As you read the scroll of teleportation, it crumbles to dust.
You feel strangely unstable.
The tengu warrior hits you with a +2 great sword of electrocution!
* * * LOW HITPOINT WARNING * * *
The tengu warrior pecks you but does no damage.
The tengu warrior claws you but does no damage.
The tengu warrior hits you with a +1 dire flail of draining.
* * * LOW HITPOINT WARNING * * *
You feel drained.
* * * LOW HITPOINT WARNING * * *
The tengu warrior barely misses you. x2
The seven-headed hydra bites you but does no damage.
The seven-headed hydra bites you.
* * * LOW HITPOINT WARNING * * *
The seven-headed hydra bites you!
You die...

. ...$....................
...#####.......#....#....#...
........#.....##.........#...
..................O..........
...........##.#....#.........
...........##.#....##......|.
...........##......##.....†..
.....#.....Q.D.....###.......
...........Q@................
..............#........##....
..............###......##....
###.......# #############
#........ ...........
##.......... .......####


You could see a seven-headed hydra, 2 tengu warriors and an ogre mage.

Vanquished Creatures
  Gastronok (D:9)
  A centaur warrior (D:9)
  Amaemon (D:9)
  The ghost of CBASSkasper the Shield-Bearer, a novice GnFi of Yredelemnul (D:5)
  An orange demon (D:9)
  2 unseen horrors
  2 trolls
  A slime creature (D:7)
  A shadow (D:7)
  9 yaks
  A vampire (D:9)
  2 wyverns
  A basilisk (D:10)
  3 water moccasins
  4 orc warriors
  2 sky beasts
  2 black bears
  3 ice beasts
  8 centaurs
  2 ogres (D:7)
  2 phantoms
  A kobold brigand (D:8)
  2 necrophages
  6 bullfrogs
  5 scorpions
  8 wights (D:8)
  10 killer bees
  7 howler monkeys
  7 hounds
  4 jellies
  Crazy Yiuf (D:7)
  4 orc priests
  2 gnoll boudas
  3 iguanas
  5 orc wizards
  8 gnolls
  10 adders
  3 ufetubi
  2 adder zombies (D:3)
  5 worms
  A dart slug (D:2)
  34 orcs
  7 ball pythons
  A bat (D:2)
  6 endoplasms
  3 giant cockroaches
  4 goblins
  6 hobgoblins
  3 jackals (D:1)
  9 kobolds
  3 quokkas
  A frilled lizard (D:2)
  3 rats
  A spectral kobold (D:8)
225 creatures vanquished.

Vanquished Creatures (others)
  4 fungi (D:9)
  14 plants
18 creatures vanquished.

Grand Total: 243 creatures vanquished

Notes
Turn   | Place    | Note
-------+----------+-------------------------------------------
     0 | D:1      | boopmooplesden the Minotaur Berserker began the quest for
                  | the Orb.
     0 | D:1      | Reached XP level 1. HP: 19/19 MP: 0/0
   392 | D:1      | Reached XP level 2. HP: 17/27 MP: 1/1
  2033 | D:2      | Reached XP level 3. HP: 30/33 MP: 2/2
  2228 | D:2      | Found Fiets's Book Emporium.
  2802 | D:2      | Reached ** piety under Trog
  2803 | D:2      | Reached XP level 4. HP: 41/41 MP: 3/3
  3143 | D:3      | Reached skill level 3 in Armour
  3218 | D:3      | Found a glowing silver altar of Zin.
  3505 | D:3      | Found a stormy altar of Qazlal.
  3799 | D:3      | Found a basalt altar of Yredelemnul.
  3968 | D:4      | Noticed a necrophage
  3989 | D:4      | Killed a necrophage
  3990 | D:4      | Reached skill level 5 in Long Blades
  3990 | D:4      | Reached XP level 5. HP: 47/47 MP: 4/4
  3995 | D:4      | Reached skill level 4 in Armour
  4062 | D:4      | Noticed a phantom
  4078 | D:4      | Killed a phantom
  4079 | D:4      | Reached XP level 6. HP: 53/53 MP: 5/5
  4897 | D:4      | Identified a scroll of acquirement
  4897 | D:4      | Acquired a manual of Armour
  5236 | D:5      | Entered Level 5 of the Dungeon
  5281 | D:5      | Reached skill level 5 in Fighting
  5281 | D:5      | Reached skill level 5 in Armour
  5464 | D:5      | Reached XP level 7. HP: 49/61 MP: 6/6
  5541 | D:5      | Found a hide-covered altar of Uskayaw.
  5541 | D:5      | Found a glowing golden altar of the Shining One.
  5542 | D:5      | Found an ornate altar of the Wu Jian Council.
  5550 | D:5      | Reached skill level 6 in Armour
  5574 | D:5      | Found a large runed translucent door.
  5574 | D:5      | Found a large runed translucent door.
  5582 | D:5      | Noticed CBASSkasper's ghost (novice GnFi)
  5999 | D:5      | Found Ushacuhoc's Book Shop.
  6142 | D:5      | Reached skill level 7 in Armour
  6278 | D:5      | Found a shimmering blue altar of Sif Muna.
  6559 | D:5      | Reached XP level 8. HP: 70/70 MP: 7/7
  6769 | D:5      | Killed CBASSkasper's ghost
  6770 | D:5      | Reached skill level 9 in Armour
  6770 | D:5      | Reached skill level 1 in Stealth
  6979 | D:6      | Found a staircase to the Ecumenical Temple.
  7005 | D:6      | Reached skill level 10 in Armour
  7069 | D:6      | Reached *** piety under Trog
  7162 | D:6      | Noticed a rust devil
  7303 | D:6      | Noticed an angel
  7318 | D:6      | Reached XP level 9. HP: 76/78 MP: 8/8
  7374 | D:6      | Found a snail-covered altar of Cheibriados.
  7533 | D:6      | Found Jybbob's Tremendous Tomes.
  7577 | D:6      | Found a shimmering altar of Xom.
  7682 | D:6      | Reached skill level 10 in Long Blades
  8127 | D:7      | Reached skill level 11 in Armour
  8714 | D:7      | Found a runed translucent door.
  8715 | D:7      | Noticed Crazy Yiuf
  8789 | D:7      | Reached skill level 5 in Dodging
  8793 | D:7      | Reached skill level 12 in Armour
  8938 | D:7      | Found Zoeresch's General Store.
  9086 | D:7      | Killed an unseen horror
  9095 | D:7      | Reached skill level 13 in Armour
  9101 | D:7      | Reached XP level 10. HP: 19/86 MP: 9/9
  9164 | D:7      | Identified the +2 war axe "Death Rattle" {holy, Str-3
                  | Dex+6}
  9835 | D:7      | Killed Crazy Yiuf
 10110 | D:8      | Reached skill level 14 in Armour
 10201 | D:8      | Reached skill level 1 in Axes
 10273 | D:8      | Found a staircase to the Lair.
 10427 | D:8      | Reached **** piety under Trog
 10564 | D:8      | Found an ancient bone altar of Kikubaaqudgha.
 10626 | D:8      | Found a bloodstained altar of Trog.
 10715 | D:8      | Found a hazy altar of Hepliaklqana.
 11929 | D:9      | Reached skill level 5 in Axes
 12352 | D:9      | Noticed Gastronok
 12368 | D:9      | Killed Gastronok
 12369 | D:9      | Reached XP level 11. HP: 95/95 MP: 10/10
 12380 | D:9      | Found a sacrificial altar of Ru.
 12605 | D:9      | Noticed a centaur warrior
 12606 | D:9      | Noticed Amaemon
 12619 | D:9      | Killed a centaur warrior
 12620 | D:9      | Reached skill level 15 in Armour
 12628 | D:9      | Killed Amaemon
 13102 | D:10     | Entered Level 10 of the Dungeon
 13605 | D:10     | Noticed a seven-headed hydra
 13609 | D:10     | Noticed a tengu warrior
 13609 | D:10     | Noticed a tengu warrior
 13612 | D:10     | Noticed an ogre mage
 13613 | D:10     | Slain by a seven-headed hydra

Illustrated notes

Levels and vault maps discovered:
D:1:      psy_arrival_radial02, layout_basic
D:2:      layout_basic, serial_shops, nicolae_shop_hallway_plus
D:3:      layout_basic, mainiacjoe_overflow_surrounded_room,
          lemuel_zombie_altar_yredelemnul, nicolae_qazlal_eye_of_the_storm,
          chequers_serial_rivers_small_3
D:4:      layout_rooms
D:5:      layout_loops_corners, tgw_sif,
          chequers_temple_overflow_statue_of_worship, serial_shops, shop,
          ebering_ghost_disaster_area
D:6:      layout_gridville, kennysheep_mini, mainiacjoe_overflow_alcove_4,
          temple_garden, nicolae_shop_i_like_big_books
D:7:      minmay_the_grid_octo_2x2 [minmay_the_grid_octo_horde,
          minmay_the_grid_octo_empty, minmay_the_grid_octo_checkered,
          minmay_the_grid_octo_prize_big_c], layout_cave_pods, serial_shops,
          nicolae_shop_stone, uniq_crazy_yiuf_cottage
D:8:      layout_rooms, kennysheep_little_box,
          nicolae_hepliaklqana_monster_ancestors, mainiacjoe_overflow_chevrons,
          lair_entry_dummy, lemuel_flame_loot_1
D:9:      layout_loops_ring, nicolae_ru_the_path_less_chosen, uniq_amaemon,
          uniq_gastronok
D:10:     hangedman_cross_veins, layout_basic

Skill      XL: |  1  2  3  4  5  6  7  8  9 10 11 |
---------------+----------------------------------+-----
Fighting       | 4 5 6 7 8 9 |  9.6
Long Blades    | 4 5 6 7 9 11 13 14 | 14.0
Dodging        | 3 4 5 6 |  6.8
Armour         | 3 4 5 7 10 13 14 15 | 15.2
Stealth        | 1 2 |  2.1
Axes           | 5 |  5.3
Evocations     | |  0.1

Action                   |  1- 3 |  4- 6 |  7- 9 | 10-12 || total
-------------------------+-------+-------+-------+-------++-------
Melee: Falchion          |    89 |   138 |   275 |    26 ||   528
       Headbutt          |     5 |    29 |    55 |    61 ||   150
       Punch             |       |     1 |     3 |     2 ||     6
       Long sword        |       |       |       |   178 ||   178
       War axe           |       |       |       |    52 ||    52
       Demon whip        |       |       |       |     1 ||     1
Invok: Berserk           |       |     3 |     8 |     8 ||    19
       Trog's Hand       |       |       |     1 |     1 ||     2
Evoke: Wand              |       |       |     1 |       ||     1
  Use: Scroll            |       |    12 |     6 |     6 ||    24
       Potion            |       |       |     4 |     2 ||     6
Armor: Animal skin       |     2 |       |       |       ||     2
       Chain mail        |    33 |    79 |   160 |    12 ||   284
       Scale mail        |       |       |       |   196 ||   196
Dodge: Dodged            |    53 |    71 |   155 |   222 ||   501
